Map: Oceanborn LE

Players

Rodialus - Winner!

  • Race: Protoss Protoss
  • Spawn Location: 11:00

A.I. 1 (Elite)

  • Race: Zerg Zerg
  • Spawn Location: 5:00

VOD

Have the link to the VOD?

Description

Time

  • Played on: July 8, 2025, 10:17 p.m.
  • Length: 5:43
Show
View Real Time Build Order
Export as new Build Order

Rodialus Protoss - Winner!

Build Orders:  

Get SALT Encoding   

  1  0:00  Probe  
  12  0:05  Probe  
  14  0:17  Pylon  
  14  0:21  Probe  
  15  0:35  Probe  
  16  0:36  Gateway  
  16  0:47  Probe, Assimilator  
  17  0:58  Probe  
  18  1:06  Probe  
  19  1:14  Probe  
  20  1:26  Cybernetics Core  
  20  1:32  Gateway  
  20  1:39  Pylon  
  20  1:41  Probe  
  20  1:44  Zealot  
  23  1:52  Warp Gate  
  23  2:09  Twilight Council  
  23  2:13  Pylon, Zealot  
  25  2:19  Zealot  
  27  2:24  Gateway  
  27  2:33  Probe  
  27  2:36  Charge  
  27  2:41  Zealot  
  29  2:49  Zealot  
  31  2:59  Gateway  
  31  3:04  Pylon, Probe  
  32  3:16  Probe  
  32  3:17  Pylon  
  33  3:35  Pylon  
  33  3:42  Probe  
  34  3:49  Assimilator  
  34  3:52  Gateway  
  34  3:53  Gateway  
  34  3:58  Zealot  
  34  3:59  Stalker  
  38  4:03  Stalker  
  38  4:08  Sentry  
  42  4:21  Stalker  
  44  4:30  Zealot  
  44  4:31  Zealot  
  46  4:46  Stalker  
  46  4:48  Zealot x2  
  52  5:01  Pylon  
  52  5:14  Stalker  
  50  5:28  Probe  
  51  5:40  Nexus  
Show
View Real Time Build Order
Export as new Build Order

A.I. 1 (Elite) Zerg 

Build Orders: Pool First 

Get SALT Encoding   

  12  0:00  Drone  
  13  0:12  Overlord  
  13  0:16  Drone  
  14  0:30  Drone x2  
  14  0:34  Drone  
  17  0:49  Drone, Spawning Pool  
  17  1:10  Hatchery  
  16  1:12  Drone  
  16  1:14  Extractor  
  16  1:17  Drone  
  17  1:21  Extractor  
  17  1:24  Drone  
  17  1:28  Drone  
  18  1:38  Drone  
  19  1:49  Overlord  
  19  1:56  Queen  
  21  2:02  Zergling x2  
  22  2:10  Drone  
  23  2:27  Queen  
  25  2:33  Drone  
  25  2:37  Drone  
  27  2:41  Drone  
  28  2:46  Drone  
  29  3:01  Roach Warren  
  29  3:02  Drone  
  29  3:06  Drone  
  29  3:09  Zergling x2  
  29  3:12  Zergling x2  
  32  3:19  Overlord  
  32  3:21  Drone  
  32  3:25  Drone  
  34  3:41  Roach  
  36  3:43  Roach  
  36  3:44  Roach x2  
  42  3:52  Lair  
  42  3:57  Overlord  
  42  4:02  Overlord  
  42  4:05  Zergling x2  
  42  4:08  Zergling x2  
  44  4:15  Drone x2, Zergling x2  
  47  4:18  Drone  
  47  4:22  Roach  
  42  4:25  Zergling x2  
  42  4:26  Zergling x2  
  42  4:30  Zergling x2  
  39  4:31  Zergling x2  
  39  4:36  Roach  
  41  4:44  Roach  
  36  4:48  Zergling x2  
  30  4:53  Zergling x2  
  30  4:57  Zergling x2  
  22  5:24  Zergling x2  
Tags
 
Matchup
PvZ
Opening
Pool First
Spawn Locations
Cross Positions
Add a new tag
Caveats
  • Supply blocks, unpowered buildings, or Contaminate may cause inaccurate times.
  • Supply counts are checked every 10 seconds.